 Dungeon Crawl Stone Soup version 0.28.0-53-g5a82cb258f (webtiles) character file.

Game seed: 2637638283829930874

288 MiltankisOP the Skirmisher (level 6, 0/71 HPs)
             Began as an Ogre Monk on June 16, 2022.
             Splashed by a jelly's acid (5 damage)
             ... on level 4 of the Dungeon.
             The game lasted 00:05:29 (3274 turns).

MiltankisOP the Skirmisher (Ogre Monk)              Turns: 3274, Time: 00:05:31

Health: 0/71       AC: -9    Str: 18    XL:     6   Next: 31%
Magic:  6/6        EV: 10    Int: 11    God:
Gold:   145        SH:  0    Dex: 11    Spells: 5/5 levels left

rFire   + . .      SeeInvis .   c - +2 mace (venom)
rCold   . . .      Faith    .   (no shield)
rNeg    . . .      Spirit   .   b - +0 robe
rPois   .          Reflect  .   (helmet restricted)
rElec   .          Harm     .   (no cloak)
rCorr   .          Rampage  .   (gloves unavailable)
Will    +....                   (boots unavailable)
Stlth   ++........              (no amulet)
HPRegen 0.21/turn               g - ring of willpower
MPRegen 0.10/turn               l - ring of protection from fire

@: corroded, studying Evocations
A: large, unfitting armour, tough skin 1
a: no special abilities


You were on level 4 of the Dungeon.
You visited 1 branch of the dungeon, and saw 4 of its levels.

You collected 145 gold pieces.

Inventory:

Hand Weapons
 a - a +0 mace
 c - a +2 mace of venom (weapon)
 j - a +0 giant spiked club
 n - a +1 mace of holy wrath
Armour
 b - a +0 robe (worn)
Jewellery
 g - a ring of willpower (left hand)
 i - a +6 ring of dexterity
 l - a ring of protection from fire (right hand)
Wands
 h - a wand of paralysis (1)
 p - a wand of mindburst (2)
Scrolls
 d - a scroll of teleportation {unknown}
 e - 8 scrolls of identify {unknown}
 m - a scroll of fear {unknown}
 o - a scroll of amnesia {unknown}
 q - a scroll of fog {unknown}
 r - a scroll of enchant armour {unknown}
Potions
 f - 2 potions of curing {unknown}
 k - a potion of heal wounds {unknown}


   Skills:
 + Level 7.0 Fighting
 + Level 4.8 Maces & Flails
 - Level 2.6 Dodging
 - Level 1.4 Stealth


You had 5 spell levels left.
You didn't know any spells.
Your spell library contained the following spells:

 Spells                   Type           Power      Damage    Failure   Level
 Static Discharge         Conj/Air       0%         N/A       47%         2
 Inner Flame              Hex/Fire       0%         N/A       71%         3
 Cause Fear               Hex            0%         N/A       98%         4
 Dispel Undead            Necr           0%         3d6       98%         4
 Sticky Flame             Conj/Fire      0%         2d3       98%         4
 Discord                  Hex            0%         N/A       100%        8


Dungeon Overview and Level Annotations

Branches:
Dungeon (4/15)
 Temple: D:4-7

Altars:

Shops:
D:1 :


Innate Abilities, Weirdness & Mutations

You are too large for most types of armour.
You have tough skin. (AC +1)


Message History

The phantom misses you.
You completely miss the phantom.
The phantom is almost destroyed.
The phantom hits you.
The phantom blinks!
You blink.
You thump the phantom!
You destroy the phantom!
The jelly completely misses you.
Your Fighting skill increases to level 7!
You have reached level 6!
You feel stronger.
You hit the jelly.
The jelly is poisoned.
Your hands burn!
The jelly is lightly wounded.
The jelly closely misses you.
You barely miss the jelly.
The jelly is lightly wounded.
The jelly completely misses you.
You completely miss the jelly.
The jelly is lightly wounded.
The jelly completely misses you.
You hit the jelly.
Your hands burn!
The jelly is moderately wounded.
The jelly hits you but does no damage.
You hit the jelly but do no damage.
Your hands burn!
The jelly is moderately wounded.
The jelly barely misses you.
You hit the jelly.
Your hands burn!
* * * LOW HITPOINT WARNING * * *
The jelly is severely wounded.
The jelly hits you.
* * * LOW HITPOINT WARNING * * *
The acid corrodes you!
You are splashed with acid.
* * * LOW HITPOINT WARNING * * *
The jelly closely misses you.
You hit the jelly. The acid corrodes you!
Your hands burn!
* * * LOW HITPOINT WARNING * * *
The jelly is almost dead.
The jelly hits you.
* * * LOW HITPOINT WARNING * * *
The acid corrodes you!
You are splashed with acid.
You die...

#..## ... ##...
... #..# ..
#.ยง##.# #)..).#
###..##......
#####...## ......
#..###...##......
#@J..............
#...<............
##............. .
##............
#..<........#
#...........#.
#......###....
##.........##
#.........#


You could see a jelly (poisoned).

Vanquished Creatures
  An ogre (D:3)
  A phantom (D:4)
  4 adders
  4 worms
  A dart slug (D:1)
  6 orcs
  8 ball pythons
  5 endoplasms
  3 giant cockroaches
  3 goblins (D:2)
  6 hobgoblins
  8 jackals
  6 kobolds
  6 quokkas
  4 bats
  5 frilled lizards
  7 rats
78 creatures vanquished.

Notes
Turn   | Place    | Note
-------+----------+-------------------------------------------
     0 | D:1      | MiltankisOP the Ogre Monk began the quest for the Orb.
     0 | D:1      | Reached XP level 1. HP: 24/24 MP: 1/1
   173 | D:1      | Reached XP level 2. HP: 33/33 MP: 2/2
   187 | D:1      | Found Sughyiru's Book Shop.
   437 | D:1      | Found a faded altar of an unknown god.
   575 | D:1      | Reached XP level 3. HP: 30/41 MP: 3/3
   989 | D:2      | Reached skill level 5 in Fighting
  1323 | D:2      | Reached XP level 4. HP: 47/50 MP: 4/4
  2241 | D:3      | Noticed an ogre
  2254 | D:3      | Killed an ogre
  2255 | D:3      | Reached skill level 6 in Fighting
  2255 | D:3      | Reached XP level 5. HP: 21/59 MP: 5/5
  3234 | D:4      | Noticed a phantom
  3264 | D:4      | Killed a phantom
  3265 | D:4      | Reached skill level 7 in Fighting
  3265 | D:4      | Reached XP level 6. HP: 33/71 MP: 6/6
  3274 | D:4      | Splashed by a jelly's acid

Illustrated notes

Levels and vault maps discovered:
D:1:      scummos_arrival_simple_fountains, layout_rooms, serial_shops,
          nicolae_square_shop, hellmonk_ecumenical_altar_run_dry,
          minmay_misc_feat_x
D:2:      minmay_recursive_quarters, layout_loops_corners
D:3:      layout_basic
D:4:      layout_cave_pools, serial_shops, shop, kennysheep_nondescript,
          kennysheep_generic_room_8, uniq_duvessa, uniq_ijyb, uniq_edmund,
          uniq_robin

Skill      XL: |  1  2  3  4  5 |
---------------+----------------+-----
Maces & Flails | 3 4 |  4.8
Fighting       | 5 6 7 |  7.0
Dodging        | |  2.6
Stealth        | |  1.4

Action                   |  1- 3 |  4- 6 || total
-------------------------+-------+-------++-------
Melee: Mace              |    94 |   105 ||   199
Evoke: Wand              |       |     4 ||     4
 Stab: Sleeping          |     4 |     1 ||     5
Armor: Robe              |    39 |    30 ||    69
Dodge: Dodged            |    52 |    58 ||   110
